 Dungeon Crawl Stone Soup version 0.25.1-2-g60ff931df9 (webtiles) character file.

Game seed: 15451571005131930307

36898 Gunterle the Alchemist (level 13, -3/86 HPs)
             Began as a Merfolk Transmuter on Oct 8, 2020.
             Was a High Priest of Hepliaklqana.
             Slain by a sun demon (18 damage)
             ... summoned by an orc high priest
             ... on level 2 of the Orcish Mines.
             The game lasted 01:35:20 (25356 turns).

Gunterle the Alchemist (Merfolk Transmuter)        Turns: 25356, Time: 01:35:20

Health: -3/86      AC:  8    Str: 16    XL:     13   Next: 93%
Magic:  34/34      EV: 19    Int: 17    God:    Hepliaklqana [*****.]
Gold:   1086       SH:  0    Dex: 17    Spells: 14/29 levels left

rFire    . . .     SeeInvis +   F - staff of energy
rCold    + . .     Gourm    .   (no shield)
rNeg     . . .     Faith    .   E - +2 robe "Xyekegai" {*Corrode +Blink rC+ SInv}
rPois    .         Spirit   .   T - +2 hat {MR+}
rElec    .         Reflect  .   s - +0 cloak
rCorr    .         Harm     .   A - +0 pair of gloves
MR       +++..                  (no boots)
Stlth    ++........             (no amulet)
HPRegen  0.24/turn              f - ring "Tig Ho Mua" {MR++ MP+9 Dex+2}
MPRegen  0.24/turn              K - +6 ring of strength

@: about to teleport
A: change form in water, swift swim, stealthy swim, reduced essence
a: Recall Ancestor, Ancestor Identity, Transference, Idealise, Renounce
Religion, Evoke Blink


You were on level 2 of the Orcish Mines.
You worshipped Hepliaklqana.
Hepliaklqana was extremely pleased with you.
You were not hungry.

You visited 4 branches of the dungeon, and saw 16 of its levels.
You also visited: Ice Cave.

You collected 1597 gold pieces.
You spent 511 gold pieces at shops.

Inventory:

Hand Weapons
 n - a +0 battleaxe of freezing
 D - a +1 vampiric glaive
Missiles
 a - 233 arrows
 u - 14 boomerangs
 x - 19 javelins
 B - 2 curare-tipped darts
 J - 43 poisoned darts (quivered)
Armour
 s - a +0 cloak (worn)
 A - a +0 pair of gloves (worn)
 E - the +2 robe "Xyekegai" (worn) {*Corrode +Blink rC+ SInv}
   (You found it on level 10 of the Dungeon)

   It protects you from cold.
   It lets you see invisible.
   It lets you blink.
   It may corrode you when you take damage.
 I - a +0 troll leather armour
 L - a +0 ring mail of poison resistance
 Q - a +2 robe of fire resistance
 T - a +2 hat of magic resistance (worn)
Magical Staves
 F - an uncursed staff of energy (weapon)
Jewellery
 f - the ring "Tig Ho Mua" (left hand) {MR++ MP+9 Dex+2}
   (You bought it in a shop on level 6 of the Dungeon)

   [ring of magical power]

   It affects your dexterity (+2).
   It affects your resistance to hostile enchantments.
   It affects your magic capacity (+9).
 j - an uncursed ring of protection from fire
 k - an uncursed ring of protection from cold
 K - a +6 ring of strength (right hand)
 W - an uncursed ring of see invisible
Wands
 b - a wand of flame (7)
 o - a wand of paralysis (6)
 R - a wand of iceblast (12)
 Z - a wand of digging (7)
Scrolls
 c - 4 scrolls of fog
 g - a scroll of enchant weapon {unknown}
 m - 4 scrolls of teleportation
 q - 2 scrolls of blinking
 y - 5 scrolls of remove curse
 G - 2 scrolls of fear
 N - 2 scrolls of silence {unknown}
 P - a scroll of summoning {unknown}
 S - a scroll of immolation
Potions
 e - 4 potions of curing
 h - 2 potions of mutation
 i - 5 potions of heal wounds
 l - 6 potions of stabbing
 r - 4 potions of might
 t - 2 potions of ambrosia
 v - a potion of invisibility
 z - a potion of cancellation
 C - a potion of flight {unknown}
 M - a potion of berserk rage {unknown}
 U - 7 potions of resistance {unknown}
Miscellaneous
 Y - a phial of floods
Comestibles
 d - 20 rations
 p - 6 chunks of flesh


   Skills:
 + Level 7.3 Fighting
 + Level 4.7 Armour
 + Level 9.1 Dodging
 * Level 9.9 Unarmed Combat
 + Level 8.5 Spellcasting
 + Level 15.0 Transmutations
 + Level 7.0 Ice Magic
 - Level 4.9 Poison Magic
 + Level 7.0 Invocations
 + Level 6.0 Evocations


You had 14 spell levels left.
You knew the following spells:

 Your Spells              Type           Power        Failure   Level  Hunger
a - Beastly Appendage     Tmut           ######       1%          1    None
b - Sticks to Snakes      Tmut           ######..     1%          2    None
c - Spider Form           Tmut/Pois      #####.....   1%          3    None
d - Blade Hands           Tmut           ######....   1%          5    None
e - Ice Form              Ice/Tmut       #####...     1%          4    None

Your spell library contained the following spells:

 Spells                   Type           Power        Failure   Level  Hunger
 Poisonous Vapours        Pois/Air       ###...       5%          2    None
 Shroud of Golubria       Chrm/Tloc      #.....       16%         2    None
 Mephitic Cloud           Conj/Pois/Air  ##......     16%         3    None
 Conjure Flame            Conj/Fire      #.......     30%         3    None
 Recall                   Summ/Tloc      N/A          30%         3    None
 Teleport Other           Tloc           #.......     30%         3    None
 Bolt of Magma            Conj/Fire/Erth #.........   95%         5    None
 Borgnjor's Vile Clutch   Necr/Erth      #.........   95%         5    None
 Freezing Cloud           Conj/Ice/Air   ###.......   99%         6    None
 Ring of Flames           Chrm/Fire      #.........   100%        7    None


Dungeon Overview and Level Annotations

Branches:
Dungeon (12/15)            Temple (1/1) D:4            Lair (1/6) D:9
    Orc (2/2) D:11          IceCv (visited)
    Elf: Orc:2

Altars:
Ashenzari
Cheibriados
Dithmenos
Elyvilon
Fedhas
Gozag
Hepliaklqana
Kikubaaqudgha
Makhleb
Nemelex Xobeh
Okawaru
Qazlal
Ru
Sif Muna
Trog
Uskayaw
Vehumet
Wu Jian
Xom
Yredelemnul
Zin
The Shining One

Shops:
D:6 =   D:9 (   D:10 (   Orc:2 *!


Message History

The orc priest is heavily wounded.
Mira hits the rust devil but does no damage.
The orc closely misses you.
The orc priest looks braver for a moment.
The sun demon hits you.
You are engulfed in flames!
The orc priest hits Mira with a cursed -1 whip.
You closely miss the orc priest.
The orc priest is heavily wounded.
Mira hits the orc priest with a +0 dagger of draining!
Mira drains the orc priest.
The sun demon hits you but does no damage.
The orc priest misses you. The orc hits you with a +0 flail.
The orc priest miscasts a cantrip.
Mira gestures at the orc priest while chanting.
The orc priest seems to slow down.
As you read the scroll of teleportation, it crumbles to dust.
You feel strangely unstable. The sun demon hits you!!
* * * LOW HITPOINT WARNING * * *
You are engulfed in flames!!
You die...

..## ##..................
...# ##...................
...###......######..#####
....###.....# #..#
.....#......# #..#
.....#......# #..#
............# #..###'##
.....#......###+##).o......
...............o@3o4o⌠...⌠.
............###o##o.Ro.....
.........#..#..o #.........
............#... #..###.###
.........#..#∩.. #..# .#
............######..###.#
..........................
...........................
.#...........................


You could see the friendly Mira the hexer (corroded), an orc high priest, a sun
demon (summoned), a rust devil (summoned), 4 orc priests and 3 orcs.

Vanquished Creatures
  Jorgrun (Orc:2)
  A frost giant (IceCv)
  2 hydras
  A centaur warrior (D:12)
  4 two-headed ogres
  Erica (D:10)
  Urug (Orc:1)
  2 orc high priests
  2 unseen horrors
  3 orc knights
  A cyclops (D:8)
  An ugly thing (D:12)
  A gargoyle (D:10)
  An ice statue (IceCv)
  2 centaur skeletons
  A komodo dragon (D:11)
  9 polar bears (IceCv)
  3 trolls
  2 hornets
  2 hippogriffs
  Sigmund (D:6)
  A wyvern (D:12)
  A basilisk (Lair:1)
  22 yaks
  5 wargs
  2 water moccasins
  2 slaves (D:6)
  10 ice beasts
  13 orc warriors
  4 sky beasts
  9 ogres
  3 phantoms
  4 centaurs
  11 wolves (IceCv)
  A big kobold (D:9)
  5 bullfrogs
  2 scorpions
  8 killer bees
  7 wights
  5 howler monkeys
  4 crimson imps
  2 jellies
  8 orc wizards
  5 hounds
  12 orc priests
  2 bullfrog skeletons
  12 worker ants
  Terence (D:3)
  An iguana (D:9)
  A hound skeleton (D:6)
  A howler monkey zombie (D:4)
  9 adders
  A howler monkey skeleton (D:8)
  2 shadow imps
  2 oozes (D:1)
  An adder skeleton (D:4)
  2 worms
  3 dart slugs
  6 leopard geckos
  61 orcs
  5 giant cockroaches
  2 gnoll zombies (D:2)
  5 goblins
  7 hobgoblins
  11 jackals
  4 quokkas
  2 bats (D:1)
  8 frilled lizards
  7 kobolds
  10 rats
354 creatures vanquished.

Vanquished Creatures (collateral kills)
  Gastronok (D:8)
  Pikel (D:6)
  An ugly thing (D:12)
  An ice statue (IceCv)
  2 trolls
  5 polar bears (IceCv)
  A hippogriff (D:8)
  3 yaks
  A wraith (D:10)
  Eustachio (D:4)
  A warg (D:8)
  A water moccasin (Lair:1)
  A black bear (D:12)
  3 ice beasts
  A necrophage (D:6)
  3 ogres
  2 wolves (IceCv)
  A crocodile (D:7)
  A big kobold (D:8)
  A bullfrog (D:10)
  Blork the orc (D:4)
  3 scorpions
  5 killer bees
  3 wights
  2 crimson imps
  3 hounds
  A jelly (D:11)
  2 orc priests
  A centaur skeleton (D:5)
  4 orc wizards
  A worker ant (D:6)
  2 iguanas
  A leopard gecko (D:11)
  16 orcs
  2 jackals (D:6)
  A ball python (D:4)
  2 frilled lizards
  A jackal skeleton (D:5)
  A plant (D:8)
84 creatures vanquished.

Vanquished Creatures (others)
  2 wights (D:6)
  A hound skeleton (D:9)
  22 hexers
  2 kobolds (D:9)
27 creatures vanquished.

Grand Total: 465 creatures vanquished

Notes
Turn   | Place    | Note
-------+----------+-------------------------------------------
     0 | D:1      | Gunterle the Merfolk Transmuter began the quest for the
                  | Orb.
     0 | D:1      | Reached XP level 1. HP: 15/15 MP: 3/3
   233 | D:1      | Reached skill level 3 in Transmutations
   236 | D:1      | Reached XP level 2. HP: 17/21 MP: 3/5
   632 | D:1      | Reached XP level 3. HP: 26/26 MP: 4/6
  1313 | D:1      | Learned a level 2 spell: Sticks to Snakes
  1317 | D:1      | Learned a level 3 spell: Spider Form
  1472 | D:2      | Found a radiant altar of Vehumet.
  1990 | D:2      | Found a basalt altar of Yredelemnul.
  2112 | D:3      | Reached XP level 4. HP: 33/33 MP: 7/7
  2114 | D:3      | Reached skill level 4 in Transmutations
  2125 | D:3      | Reached skill level 1 in Poison Magic
  2185 | D:3      | Found an opulent altar of Gozag.
  2374 | D:3      | Found a shattered altar of Ashenzari.
  2600 | D:3      | Noticed Terence
  2629 | D:3      | Killed Terence
  3238 | D:4      | Reached XP level 5. HP: 35/38 MP: 6/8
  3277 | D:4      | Found a staircase to the Ecumenical Temple.
  3286 | Temple   | Entered the Ecumenical Temple
  3399 | Temple   | Became a worshipper of Hepliaklqana the Forgotten
  3482 | D:4      | Found a shadowy altar of Dithmenos.
  3555 | D:4      | Reached skill level 5 in Transmutations
  3770 | D:4      | Reached XP level 6. HP: 26/39 MP: 7/9
  3997 | D:4      | Noticed a phantom
  4031 | D:4      | Killed a phantom
  4031 | D:4      | Reached skill level 6 in Transmutations
  4181 | D:4      | Noticed Blork the orc
  4560 | D:4      | Noticed Eustachio
  4584 | D:4      | Killed Eustachio
  4584 | D:4      | Reached XP level 7. HP: 19/44 MP: 2/11
  5064 | D:4      | Killed Blork the orc
  5064 | D:4      | Reached skill level 7 in Transmutations
  5174 | D:4      | Learned a level 5 spell: Blade Hands
  5175 | D:5      | Entered Level 5 of the Dungeon
  5194 | D:5      | Reached * piety under Hepliaklqana
  5997 | D:5      | Found an ornate altar of the Wu Jian Council.
  6039 | D:5      | Reached ** piety under Hepliaklqana
  6040 | D:5      | Remembered your ancestor Mira as a hexer
  6052 | D:5      | Reached skill level 8 in Transmutations
  6188 | D:6      | Reached XP level 8. HP: 42/49 MP: 9/13
  6191 | D:6      | Noticed Sigmund
  6200 | D:6      | Killed Sigmund
  6200 | D:6      | Reached skill level 9 in Transmutations
  6274 | D:6      | Found Totiq's Jewellery Emporium.
  6466 | D:6      | Reached skill level 10 in Transmutations
  6829 | D:6      | Reached skill level 5 in Spellcasting
  6884 | D:6      | Learned a level 4 spell: Ice Form
  6912 | D:6      | Found a sparkling altar of Nemelex Xobeh.
  6924 | D:6      | Reached skill level 11 in Transmutations
  6924 | D:6      | Reached XP level 9. HP: 45/54 MP: 13/16
  7464 | D:6      | Noticed Pikel
  7476 | D:6      | Killed Pikel
  7476 | D:6      | Reached skill level 12 in Transmutations
  7978 | D:7      | Noticed a skeletal warrior
  7978 | D:7      | Noticed a skeletal warrior
  7978 | D:7      | Noticed a skeletal warrior
  8426 | D:6      | Reached skill level 1 in Ice Magic
  9314 | D:7      | Reached skill level 1 in Invocations
  9383 | D:7      | Reached skill level 1 in Armour
  9458 | D:7      | Noticed a skeletal warrior
  9653 | D:7      | Reached XP level 10. HP: 36/61 MP: 12/19
  9760 | D:7      | HP: 3/61 [skeletal warrior/+0 broad axe (29)]
 10256 | D:8      | Noticed Gastronok
 10911 | D:8      | Reached skill level 1 in Evocations
 11028 | D:8      | Noticed a two-headed ogre
 11032 | D:8      | Noticed a cyclops
 11053 | D:8      | Killed a two-headed ogre
 11053 | D:8      | Reached skill level 13 in Transmutations
 11261 | D:8      | Killed a cyclops
 11734 | D:8      | Found a sacrificial altar of Ru.
 11748 | D:8      | Killed Gastronok
 11748 | D:8      | Reached skill level 5 in Dodging
 11748 | D:8      | Reached skill level 5 in Unarmed Combat
 11748 | D:8      | Reached XP level 11. HP: 45/69 MP: 15/21
 11902 | D:8      | Reached *** piety under Hepliaklqana
 12343 | D:9      | Found a staircase to the Lair.
 13488 | D:6      | Bought the ring "Tig Ho Mua" {MR++ MP+9 Dex+2} for 475 gold
                  | pieces
 13782 | D:9      | Noticed a two-headed ogre
 13798 | D:9      | Killed a two-headed ogre
 14445 | D:9      | Found Uppuusm's Antique Weapon Shoppe.
 14546 | D:9      | Found a stormy altar of Qazlal.
 14781 | D:10     | Entered Level 10 of the Dungeon
 15028 | D:10     | Noticed Erica
 15066 | D:10     | Killed Erica
 15345 | D:10     | Identified the Papyrus of the Mountains and Orientation
 15450 | D:10     | Reached **** piety under Hepliaklqana
 15475 | D:10     | Reached skill level 5 in Fighting
 15543 | D:10     | Found Uduqiche's Weapon Shop.
 15826 | D:10     | Got a faintly humming robe
 15836 | D:10     | Identified the +2 robe "Xyekegai" {*Corrode +Blink rC+
                  | SInv} (You found it on level 10 of the Dungeon)
 16097 | D:10     | Noticed an unseen horror
 16107 | D:10     | Killed an unseen horror
 16552 | D:10     | Reached skill level 14 in Transmutations
 17791 | D:11     | Found a staircase to the Orcish Mines.
 17830 | D:11     | Reached XP level 12. HP: 73/77 MP: 23/23
 18327 | D:11     | Reached skill level 5 in Ice Magic
 18426 | D:11     | Noticed a six-headed hydra
 18444 | D:11     | Killed a six-headed hydra
 18444 | D:11     | Reached skill level 5 in Invocations
 18806 | D:11     | Reached ***** piety under Hepliaklqana
 19139 | D:11     | Found a glowing golden altar of the Shining One.
 19357 | Lair:1   | Entered Level 1 of the Lair of Beasts
 19451 | Lair:1   | Found a frozen archway.
 19506 | IceCv    | Entered an ice cave
 20127 | IceCv    | Noticed a frost giant
 20147 | IceCv    | Killed a frost giant
 20308 | IceCv    | Reached skill level 5 in Evocations
 20654 | IceCv    | Reached XP level 13. HP: 84/84 MP: 25/25
 23080 | Orc:1    | Entered Level 1 of the Orcish Mines
 23848 | Orc:1    | Noticed Urug
 23863 | Orc:1    | Killed Urug
 24053 | Orc:2    | Entered Level 2 of the Orcish Mines
 24319 | Orc:2    | Noticed Jorgrun
 24332 | Orc:2    | Killed Jorgrun
 24557 | Orc:1    | Reached skill level 15 in Transmutations
 25211 | Orc:2    | Found Luemuaso's Assorted Antiques.
 25219 | Orc:2    | Bought a scroll labeled XOULO SOAGO for 36 gold pieces
 25347 | Orc:2    | Found Itolunk's Distillery.
 25356 | Orc:2    | Slain by a sun demon

Illustrated notes

Levels and vault maps discovered:
D:1:      minmay_arrival_three_doors, layout_basic, minmay_nonomino_d4
D:2:      layout_rooms, lemuel_zombie_altar_yredelemnul, fiery_altar_vehumet,
          serial_park_tiny_2
D:3:      layout_loops_ring, lemuel_crystal_altar, evilmike_ruin_ashenzari,
          minmay_misc_feat_four_crosses, chequers_serial_rivers_marsh,
          minmay_distorted, uniq_terence
D:4:      layout_loops_cross, nicolae_dithmenos_through_a_glass_darkly,
          minmay_temple_entry_waves, first_ration, kennysheep_generic_room_7,
          uniq_eustachio, uniq_blork_the_orc
D:5:      layout_basic, nicolae_overflow_crystal_walls, minmay_diced_spiral
D:6:      minmay_octagon_keep, layout_loops_ring,
          nemelex_xobeh_ov_fountains_minmay, serial_shops, shop, uniq_sigmund,
          uniq_pikel
D:7:      layout_loops_ring
D:8:      layout_loops_ring, nicolae_ru_sacrificial_ziggurat,
          blue_anna_alchemist [blue_anna_fruit_fields, blue_anna_fruit_fields],
          hangedman_decor_growths, uniq_gastronok
D:9:      layout_roguey, grunt_qazlal_clouds, erik_lair_orcish_takeover,
          serial_shops, nicolae_shop_crystal, minivault_5
D:10:     layout_layer_cave, serial_shops, shop, minmay_misc_feat_diagonals,
          uniq_erica
D:11:     layout_long_grid, hiddenorc1_lemuel, glass_columns_b,
          nicolae_tso_carved_into_rock
D:12:     layout_long_grid
Temple:   nicolae_temple_god_jail
Lair:1:   cheibrodos_lair_river_kwai, layout_cave_pods,
          portal_ice_cave_entry_ice_beasts, minivault_11, uniq_harold
Orc:1:    layout_caves, mines2_lemuel, uniq_urug
Orc:2:    st_orc_town, layout_caves, serial_shops, nicolae_shop_stone,
          nicolae_orc_lava_room, uniq_jorgrun

Skill      XL: |  1  2  3  4  5  6  7  8  9 10 11 12 13 |
---------------+----------------------------------------+-----
Transmutations | 3 4 5 6 8 11 12 13 14 15 | 15.0
Dodging        | 3 5 6 8 9 |  9.1
Poison Magic   | 2 3 4 |  4.9
Spellcasting   | 3 5 6 7 8 |  8.5
Fighting       | 2 4 5 6 7 |  7.3
Ice Magic      | 1 3 4 6 7 |  7.0
Invocations    | 1 3 4 5 7 |  7.0
Armour         | 1 2 3 4 |  4.7
Unarmed Combat | 4 5 6 8 9 |  9.9
Evocations     | 2 4 5 6 |  6.0

Action                   |  1- 3 |  4- 6 |  7- 9 | 10-12 | 13-15 || total
-------------------------+-------+-------+-------+-------+-------++-------
Melee: Unarmed           |    91 |   139 |   230 |   478 |   234 ||  1172
       Headbutt          |    15 |    17 |     2 |       |       ||    34
       Staff             |       |       |    11 |     4 |    23 ||    38
       Punch             |       |       |       |     4 |    12 ||    16
       Tailslap          |       |       |       |     1 |       ||     1
Throw: Stone             |     6 |       |       |       |       ||     6
       Boomerang         |     1 |     9 |     3 |       |       ||    13
       Dart              |       |       |     8 |     7 |       ||    15
 Cast: Beastly Appendage |    28 |    21 |     3 |       |       ||    52
       Sticks to Snakes  |     2 |    16 |     3 |       |       ||    21
       Spider Form       |       |     2 |    32 |    50 |     6 ||    90
       Blade Hands       |       |       |     4 |    34 |    27 ||    65
       Ice Form          |       |       |     1 |     1 |     1 ||     3
Invok: Ancestor Identity |       |       |     1 |       |     1 ||     2
       Ancestor Life: He |       |       |     1 |       |       ||     1
       Recall Ancestor   |       |       |     5 |    11 |     4 ||    20
Evoke: Wand              |       |       |    14 |    56 |    14 ||    84
  Use: Scroll            |       |     8 |     4 |     9 |     7 ||    28
       Potion            |       |       |       |     1 |     2 ||     3
 Stab: Sleeping          |     3 |       |       |     3 |       ||     6
       Distracted        |     1 |       |     6 |     9 |     5 ||    21
       Confused          |       |       |     4 |    13 |     2 ||    19
  Eat: Chunk             |     4 |     8 |    12 |    25 |    15 ||    64
       Ration            |       |       |     2 |     3 |       ||     5
Armor: Robe              |     6 |    18 |     4 |    39 |    28 ||    95
       Skin              |       |     2 |     3 |     9 |     5 ||    19
Dodge: Dodged            |    50 |    89 |   181 |   458 |   195 ||   973
